 Dungeon Crawl Stone Soup version 0.31-a0-949-g57150269e1 (webtiles) character file.

Game seed: 2148322687813089752

6090 jlumianski the Grappler (level 10, 0/69 HPs)
             Began as a Gnoll Shapeshifter on Oct 22, 2023.
             Was a Follower of Hepliaklqana.
             Slain by an orc warrior
             ... wielding a +0 trident
              (15 damage)
             ... on level 9 of the Dungeon on Oct 23, 2023.
             The game lasted 00:48:55 (9453 turns).

jlumianski the Grappler (Gnoll Shapeshifter)        Turns: 9453, Time: 00:48:56

Health: 0/69       AC: 10    Str: 21    XL:     10   Next: 88%
Magic:  16/18      EV: 14    Int: 13    God:    Hepliaklqana [*.....]
Gold:   415        SH:  0    Dex: 11    Spells: 16/20 levels left

rFire   . . .        q - +7 hand axe of Nemelex Xobeh's Regard {speed, rPois}
rCold   . . .        (no shield)
rNeg    . . .        K - +3 leather armour
rPois   +            (helmet currently unavailable)
rElec   .            (cloak currently unavailable)
rCorr   .            (gloves currently unavailable)
SInv    .            (boots currently unavailable)
Will    .....        (no amulet)
Stlth   +++          k - +4 ring of protection
HPRegen 0.31/turn    D - +6 ring of strength
MPRegen 0.16/turn

%: no passive effects
@: beast-form
A: beast (slay +4), reduced essence, fangs 1, strong nose, distributed training,
horns 1, sense surroundings 1
a: Begin Untransformation, Renounce Religion, Recall Ancestor, Ancestor Identity


You were on level 9 of the Dungeon.
You worshipped Hepliaklqana.
Hepliaklqana was aware of your devotion.
You were a hulking beast.
You visited 1 branch of the dungeon, and saw 10 of its levels.

You collected 500 gold pieces.
You spent 85 gold pieces at shops.

Inventory:

Hand Weapons
 q - the +7 hand axe of Nemelex Xobeh's Regard (weapon) {speed, rPois}
   (You found it on level 2 of the Dungeon)

   rPois:     It protects you from poison
 C - a +0 rapier
 T - a +1 rapier of venom
 U - a +4 war axe
Missiles
 g - 74 stones
 r - 32 poisoned darts (quivered)
 w - a throwing net
 x - 7 boomerangs
 E - 7 curare-tipped darts
Armour
 a - a +0 animal skin
 j - a +0 cloak
 l - a +0 ring mail
 n - a +0 pair of boots
 K - a +3 leather armour (worn)
 L - an orb of energy
 S - a +0 kite shield
Magical Staves
 J - a staff of earth
Jewellery
 k - a +4 ring of protection (left hand)
 D - a +6 ring of strength (right hand)
 F - a ring of flight
 I - a ring of wizardry
Talismans
 c - a beast talisman (active)
 d - a flux talisman
 u - a serpent talisman
 V - a blade talisman
Wands
 v - a wand of roots (4)
Scrolls
 e - a scroll of enchant armour
 i - a scroll of amnesia
 p - 2 scrolls of fear
 y - a scroll of fog
 A - a scroll of revelation
 B - a scroll of brand weapon
 G - a scroll of vulnerability
 H - 5 scrolls of teleportation
 M - a scroll of blinking
 N - a scroll of immolation
 P - a scroll of summoning {unknown}
 Q - a scroll of silence {unknown}
Potions
 b - a potion of lignification
 f - a potion of mutation
 h - 2 potions of enlightenment
 m - a potion of might
 o - a potion of attraction
 s - a potion of resistance
 t - a potion of magic
 z - 2 potions of berserk rage
 O - 2 potions of curing
 R - 2 potions of heal wounds {unknown}
 W - a potion of brilliance {unknown}


   Skills:
 + Level 6.4 Fighting
 + Level 5.8 Short Blades
 + Level 5.8 Long Blades
 + Level 5.8 Axes
 + Level 5.8 Maces & Flails
 + Level 5.8 Polearms
 + Level 5.8 Staves
 + Level 5.8 Ranged Weapons
 + Level 5.8 Throwing
 + Level 5.8 Armour
 + Level 7.5 Dodging
 + Level 5.8 Stealth
 + Level 5.8 Shields
 + Level 8.8 Unarmed Combat
 + Level 5.8 Spellcasting
 + Level 4.8 Conjurations
 + Level 4.8 Hexes
 + Level 4.8 Summonings
 + Level 4.8 Necromancy
 + Level 4.8 Translocations
 + Level 4.8 Transmutations
 + Level 4.8 Fire Magic
 + Level 4.8 Ice Magic
 + Level 4.8 Air Magic
 + Level 4.8 Earth Magic
 + Level 4.8 Poison Magic
 + Level 6.3 Invocations
 + Level 5.8 Evocations
 + Level 8.5 Shapeshifting


You had 16 spell levels left.
You knew the following spells:

 Your Spells              Type           Power      Damage    Failure   Level
a - Kiss of Death         Conj/Necr      64%        2d10      2%          1
b - Confusing Touch       Hex            16%        N/A       9%          3

Your spell library contained the following spells:

 Spells                   Type           Power      Damage    Failure   Level
 Magic Dart               Conj           64%        1d6       2%          1
 Necrotise                Necr           64%        1d7       2%          1
 Searing Ray              Conj           32%        2d5       4%          2
 Sublimation of Blood     Necr           16%        N/A       4%          2
 Hailstorm                Conj/Ice       16%        3d6       9%          3
 Vampiric Draining        Necr           16%        2d7       9%          3
 Anguish                  Hex/Necr       8%         N/A       26%         4
 Animate Dead             Necr           16%        N/A       26%         4
 Dispel Undead            Necr           16%        3d10      26%         4
 Fulminant Prism          Conj/Hex       8%         3d7       26%         4
 Petrify                  Tmut/Erth      16%        N/A       26%         4
 Agony                    Necr           16%        N/A       58%         5
 Borgnjor's Vile Clutch   Necr/Erth      8%         N/A       58%         5
 Irradiate                Conj/Tmut      8%         3d14      58%         5
 Summon Forest            Summ/Tloc      8%         N/A       58%         5
 Death Channel            Necr           8%         N/A       99%         6
 Eringya's Noxious Bog    Tmut/Pois      8%         4d6       99%         6
 Simulacrum               Ice/Necr       8%         N/A       99%         6
 Summon Hydra             Summ           8%         N/A       100%        7


Dungeon Overview and Level Annotations

Branches:
Dungeon (10/15)            Temple (0/1) D:6            Lair (0/5) D:9
    Orc: D:9-12

Altars:
Ashenzari
Cheibriados
Dithmenos
Elyvilon
Fedhas
Hepliaklqana
Makhleb
Uskayaw
The Shining One

Shops:
D:5 :*

Annotations:
D:2 Sigmund
D:3 1 runed translucent door, Crazy Yiuf
D:6 1 runed translucent door, ChaoticPyre's ghost, novice SpEn
D:9 Jeremiah


Innate Abilities, Weirdness & Mutations

You are a hulking beast.
Your limbs bulge with bestial killing power. (Slay +4)
Your life essence is reduced to manifest your ancestor. (-10% HP)
You have very sharp teeth.
Your uncanny sense of smell can sniff out nearby items.
Your experience applies equally to all skills.
You have a pair of small horns on your head.
You passively map a small area around you.


Message History

You hit the orc warrior but do no damage.
You hit the polar bear but do no damage.
The polar bear is moderately wounded.
You hit the wolf.
You hit the orc warrior but do no damage.
The wolf barely misses you. The polar bear closely misses you.
The polar bear claws you but does no damage. x2
The orc warrior hits the wolf with a +0 trident!
The wolf is killed!
You barely miss the polar bear. You headbutt the polar bear!
The polar bear is heavily wounded.
You hit the orc warrior.
The orc warrior hits you with a +0 trident!
The polar bear completely misses you. The polar bear closely misses you.
The polar bear barely misses you.
You hit the polar bear but do no damage.
The polar bear is heavily wounded.
You hit the orc warrior. You slash the polar bear! You punch the polar bear!
The polar bear is almost dead.
You hit the orc warrior but do no damage.
The polar bear goes berserk!
You hit the polar bear but do no damage.
The polar bear is almost dead.
You hit the orc warrior but do no damage.
The polar bear bites you!
* * * LOW HITPOINT WARNING * * *
The polar bear claws you but does no damage.
The polar bear barely misses you. The orc warrior barely misses you.
You slash the polar bear!
The polar bear is almost dead.
You hit something. You hit the orc warrior.
The polar bear barely misses you. x2
The polar bear closely misses you.
You slash the polar bear!
You kill the polar bear!
You slash something!
You hit the orc warrior but do no damage.
The orc warrior seems less confused.
The orc warrior hits you with a +0 trident!
You die...

..PP.........................S≈≈~
P..P..P......P..#.#######....~≈≈≈
.>...P...P#.# #.....~~~
.....P....h.### ###.##..... ,,
.Ph....P..#...#..##.# ..... ,
P....PP...#......# , ,
P.......P#........
..PP.P...#††......
....P.....h...#... * ,
PP.PP....##o......* , ......P###
...#... * P....## #..#, # , ..P.P
..# * #####* ###


You could see an orc warrior.

Vanquished Creatures
  3 polar bears
  Grinder (D:5)
  A hornet (D:7)
  A wyvern (D:8)
  Eustachio (D:4)
  An unseen horror simulacrum (D:9)
  A yak (D:8)
  2 steam dragons
  3 water moccasins (D:9)
  A sky beast (D:7)
  Duvessa (D:4)
  6 black bears
  An orc warrior (D:7)
  3 ogres
  A wolf (D:9)
  2 centaurs
  3 kobold brigands
  Blork the orc (D:4)
  3 bullfrogs (D:7)
  A scorpion (D:5)
  A gnoll sergeant (D:8)
  5 wights
  Dowan (D:4)
  8 killer bees
  4 howler monkeys
  A wyvern simulacrum (D:9)
  2 jellies
  A hound (D:7)
  4 orc priests
  Ijyb (D:3)
  Jessica (D:3)
  8 iguanas
  A sleepcap (D:5)
  4 orc wizards
  A centaur simulacrum (D:9)
  8 gnolls
  10 adders
  5 shadow imps
  3 white imps
  2 ufetubi (D:9)
  A worm (D:3)
  2 dart slugs (D:1)
  16 orcs
  8 ball pythons
  6 endoplasms
  7 giant cockroaches
  5 goblins
  10 hobgoblins
  A jackal (D:5)
  4 quokkas
  2 training dummies (D:4)
  6 bats
  A frilled lizard (D:3)
  16 kobolds
  9 rats
202 creatures vanquished.

Vanquished Creatures (collateral kills)
  A polar bear (D:8)
  An ice beast (D:8)
  A bullfrog (D:9)
  A wight (D:8)
  A killer bee (D:9)
  A white imp (D:9)
6 creatures vanquished.

Vanquished Creatures (others)
  3 ancestors (D:9)
3 creatures vanquished.

Grand Total: 211 creatures vanquished

Notes
Turn   | Place    | Note
-------+----------+-------------------------------------------
     0 | D:1      | jlumianski the Gnoll Shapeshifter began the quest for the
                  | Orb.
     0 | D:1      | Reached XP level 1. HP: 17/17 MP: 1/1
   177 | D:1      | Reached XP level 2. HP: 23/23 MP: 2/2
   556 | D:1      | Reached XP level 3. HP: 27/28 MP: 3/3
  1182 | D:2      | Noticed Sigmund
  1240 | D:1      | Reached skill level 1 in Invocations
  1386 | D:2      | Reached skill level 1 in Short Blades
  1386 | D:2      | Reached skill level 1 in Long Blades
  1386 | D:2      | Reached skill level 1 in Axes
  1386 | D:2      | Reached skill level 1 in Maces & Flails
  1386 | D:2      | Reached skill level 1 in Polearms
  1386 | D:2      | Reached skill level 1 in Staves
  1386 | D:2      | Reached skill level 1 in Ranged Weapons
  1386 | D:2      | Reached skill level 1 in Throwing
  1386 | D:2      | Reached skill level 1 in Armour
  1386 | D:2      | Reached skill level 1 in Stealth
  1386 | D:2      | Reached skill level 1 in Shields
  1386 | D:2      | Reached skill level 1 in Spellcasting
  1386 | D:2      | Reached skill level 1 in Evocations
  1418 | D:3      | Reached XP level 4. HP: 34/34 MP: 5/5
  1435 | D:4      | Identified the "Paisch"
  1593 | D:2      | Found a faded altar of an unknown god.
  1609 | D:2      | Identified the +7 hand axe of Nemelex Xobeh's Regard
                  | {speed, rPois}
  1738 | D:2      | Reached skill level 1 in Conjurations
  1738 | D:2      | Reached skill level 1 in Hexes
  1738 | D:2      | Reached skill level 1 in Summonings
  1738 | D:2      | Reached skill level 1 in Necromancy
  1738 | D:2      | Reached skill level 1 in Translocations
  1738 | D:2      | Reached skill level 1 in Transmutations
  1738 | D:2      | Reached skill level 1 in Fire Magic
  1738 | D:2      | Reached skill level 1 in Ice Magic
  1738 | D:2      | Reached skill level 1 in Air Magic
  1738 | D:2      | Reached skill level 1 in Earth Magic
  1738 | D:2      | Reached skill level 1 in Poison Magic
  2422 | D:3      | Found a snail-covered altar of Cheibriados.
  2435 | D:3      | Noticed Jessica
  2444 | D:3      | Killed Jessica
  2445 | D:3      | Reached XP level 5. HP: 40/40 MP: 5/7
  2475 | D:3      | Found a runed translucent door.
  2476 | D:3      | Noticed Crazy Yiuf
  2510 | D:3      | Noticed Ijyb
  2530 | D:3      | Killed Ijyb
  2930 | D:4      | Reached XP level 6. HP: 43/47 MP: 8/8
  2961 | D:5      | Entered Level 5 of the Dungeon
  3007 | D:4      | Found a glowing golden altar of the Shining One.
  3054 | D:4      | Reached skill level 5 in Dodging
  3203 | D:4      | Noticed Blork the orc
  3453 | D:4      | Found a burning altar of Makhleb.
  3475 | D:4      | Noticed a black bear
  3488 | D:4      | Killed a black bear
  3489 | D:4      | Reached XP level 7. HP: 52/52 MP: 10/10
  4119 | D:6      | Gained mutation: You passively map a small area around you.
                  | [potion of mutation]
  4119 | D:6      | Gained mutation: You have a pair of small horns on your
                  | head. [potion of mutation]
  4129 | D:4      | Noticed Eustachio
  4137 | D:4      | Killed Eustachio
  4138 | D:4      | Reached XP level 8. HP: 56/60 MP: 12/12
  4271 | D:4      | Killed Blork the orc
  4429 | D:4      | Noticed Duvessa
  4429 | D:4      | Noticed Dowan
  4610 | D:4      | Killed Dowan
  4655 | D:4      | Killed Duvessa
  4923 | D:5      | Found Nurinacw's Assorted Antiques.
  4928 | D:5      | Bought a gilded ring for 85 gold pieces
  4943 | D:5      | Found Mahueli's Book Shoppe.
  5117 | D:5      | Noticed Grinder
  5123 | D:5      | Paralysed by Grinder for 4 turns
  5131 | D:5      | Killed Grinder
  5602 | D:5      | Learned a level 1 spell: Kiss of Death
  5719 | D:5      | Found a hide-covered altar of Uskayaw.
  5825 | D:5      | Reached XP level 9. HP: 61/66 MP: 14/14
  5993 | D:6      | Found a staircase to the Ecumenical Temple.
  6120 | D:6      | Reached skill level 5 in Fighting
  6240 | D:6      | Found a white marble altar of Elyvilon.
  6496 | D:6      | Found a runed translucent door.
  6581 | D:6      | Noticed ChaoticPyre's ghost (novice SpEn)
  7069 | D:8      | Reached skill level 5 in Invocations
  7177 | D:7      | Found a hazy altar of Hepliaklqana.
  7193 | D:7      | Became a worshipper of Hepliaklqana the Forgotten
  7386 | D:8      | Noticed a hornet
  7648 | D:7      | Killed a hornet
  7725 | D:8      | Found a shadowy altar of Dithmenos.
  7858 | D:7      | Reached XP level 10. HP: 68/75 MP: 17/17
  7884 | D:8      | Reached skill level 5 in Short Blades
  7884 | D:8      | Reached skill level 5 in Long Blades
  7884 | D:8      | Reached skill level 5 in Axes
  7884 | D:8      | Reached skill level 5 in Maces & Flails
  7884 | D:8      | Reached skill level 5 in Polearms
  7884 | D:8      | Reached skill level 5 in Staves
  7884 | D:8      | Reached skill level 5 in Ranged Weapons
  7884 | D:8      | Reached skill level 5 in Throwing
  7884 | D:8      | Reached skill level 5 in Armour
  7884 | D:8      | Reached skill level 5 in Stealth
  7884 | D:8      | Reached skill level 5 in Shields
  7884 | D:8      | Reached skill level 5 in Spellcasting
  7884 | D:8      | Reached skill level 5 in Evocations
  8297 | D:8      | Found a broken altar of Ashenzari.
  8557 | D:9      | Learned a level 3 spell: Confusing Touch
  8772 | D:8      | Reached * piety under Hepliaklqana
  8904 | D:9      | Found a blossoming altar of Fedhas.
  9148 | D:10     | Identified the "Rankebun"
  9148 | D:10     | Entered Level 10 of the Dungeon
  9321 | D:9      | Noticed Jeremiah
  9433 | D:9      | Found a staircase to the Lair.
  9453 | D:9      | Slain by an orc warrior

Illustrated notes

Levels and vault maps discovered:
D:1:      psy_arrival_conway, layout_basic, interstate_on_off
D:2:      layout_basic, shapermc_ecumenical_altar_venn, uniq_sigmund
D:3:      minmay_octagon_keep, layout_rooms, mainiacjoe_overflow_paths,
          uniq_crazy_yiuf_cottage, uniq_ijyb, uniq_jessica
D:4:      dreamdust_elfheim, layout_loops_ring,
          mainiacjoe_overflow_catch_the_wave, serial_co_window_serial,
          co_window_of_opportunity_a, co_window_paths_b,
          co_window_of_opportunity_a, co_window_paths_b, co_window_paths_b,
          co_window_of_opportunity_c, co_window_cross_2, co_window_cross_2,
          co_window_corner_ca, co_window_2corner, co_window_cross_4,
          glass_columns_a, glass_columns_a, minmay_misc_feat_tiny,
          uniq_eustachio, uniq_blork_the_orc
D:5:      minmay_opposing_rooms, layout_gridville, mainiacjoe_overflow_brackets,
          serial_shops, nicolae_shop_trees, nicolae_shop_tiny_real_fake_doors,
          uniq_grinder, uniq_duvessa
D:6:      layout_rooms, elyvilon_altar_1, minmay_temple_entry_slanted,
          ebering_ghost_reflecting_pool, corexii_hall_statues_t,
          minmay_misc_feat_alley
D:7:      layout_cave_pools, mainiacjoe_overflow_tiny_flanked,
          serial_co_window_serial, co_window_corner_a,
          co_window_of_opportunity_a, co_window_paths_b, co_window_paths_a,
          co_window_paths_b, co_window_paths_a, co_window_of_opportunity_a,
          co_window_paths_c, co_window_corner_b, co_window_cross_2,
          co_window_paths_c, co_window_of_opportunity_b,
          co_window_of_opportunity_c, co_window_paths_e, co_window_4corner_b,
          glass_columns_b, glass_columns_c, glass_columns_c, glass_columns_a,
          glass_columns_a
D:8:      layout_cave_pools, nicolae_ashenzari_skybound,
          mainiacjoe_overflow_boulevard
D:9:      layout_basic, fedhas_altar_1, due_lair_maze_entry_diamond, serial_ice,
          serial_ice_f, serial_ice_i, serial_ice_e, serial_ice_d, serial_ice_o,
          serial_ice_c, serial_ice_n, minmay_holes, kennysheep_donut,
          serial_bayou_crossing, uniq_jeremiah
D:10:     minmay_the_grid_triangle_9x9_recursive_2_mashed
          [minmay_the_grid_triangle_9x9_prize_insulated,
          minmay_the_grid_triangle_9x9_skeleton,
          minmay_the_grid_triangle_9x9_checkered,
          minmay_the_grid_triangle_9x9_zippers_horizontal], layout_gridville,
          nicolae_gozag_seed_capital, orc_0_dummy

Skill      XL: |  1  2  3  4  5  6  7  8  9 10 |
---------------+-------------------------------+-----
Invocations    | 1 2 3 4 5 6 |  6.3
Short Blades   | 1 2 3 4 5 |  5.8
Long Blades    | 1 2 3 4 5 |  5.8
Axes           | 1 2 3 4 5 |  5.8
Maces & Flails | 1 2 3 4 5 |  5.8
Polearms       | 1 2 3 4 5 |  5.8
Staves         | 1 2 3 4 5 |  5.8
Ranged Weapons | 1 2 3 4 5 |  5.8
Throwing       | 1 2 3 4 5 |  5.8
Armour         | 1 2 3 4 5 |  5.8
Stealth        | 1 2 3 4 5 |  5.8
Shields        | 1 2 3 4 5 |  5.8
Spellcasting   | 1 2 3 4 5 |  5.8
Evocations     | 1 2 3 4 5 |  5.8
Conjurations   | 1 2 3 4 |  4.8
Hexes          | 1 2 3 4 |  4.8
Summonings     | 1 2 3 4 |  4.8
Necromancy     | 1 2 3 4 |  4.8
Translocations | 1 2 3 4 |  4.8
Transmutations | 1 2 3 4 |  4.8
Fire Magic     | 1 2 3 4 |  4.8
Ice Magic      | 1 2 3 4 |  4.8
Air Magic      | 1 2 3 4 |  4.8
Earth Magic    | 1 2 3 4 |  4.8
Poison Magic   | 1 2 3 4 |  4.8
Fighting       | 3 4 5 6 |  6.4
Dodging        | 5 6 7 |  7.5
Unarmed Combat | 7 8 |  8.8
Shapeshifting  | 7 8 |  8.5

Action                     |  1- 3 |  4- 6 |  7- 9 | 10-12 || total
---------------------------+-------+-------+-------+-------++-------
  Melee: Unarmed           |    64 |   113 |   167 |       ||   344
         Bite              |     4 |    13 |    23 |     9 ||    49
         Hand axe          |       |     4 |    39 |   107 ||   150
         Punch             |       |     1 |    11 |    11 ||    23
         Headbutt          |       |       |    34 |    24 ||    58
         Rapier            |       |       |       |    12 ||    12
  Throw: Stone             |       |     3 |       |       ||     3
         Dart              |       |       |    20 |     4 ||    24
   Cast: Confusing Touch   |       |       |       |     1 ||     1
  Evoke: Wand              |       |     1 |     4 |     1 ||     6
    Use: Scroll            |       |     2 |    12 |     1 ||    15
         Potion            |       |     1 |     3 |     1 ||     5
   Stab: Sleeping          |     1 |       |     6 |     2 ||     9
 Armour: Animal skin       |    11 |       |       |       ||    11
         Ring mail         |    11 |    60 |    63 |       ||   134
         Leather armour    |       |       |    85 |    94 ||   179
  Dodge: Dodged            |    35 |    55 |   133 |   125 ||   348

Table legend: (Time is in decaauts)
 A = Elapsed time spent in this place.
 B = Non-inter-level travel time spent in this place.
 C = Inter-level travel time spent in this place.
 D = Time resting spent in this place.
 E = Time spent auto-exploring this place.
 F = Levels seen in this place.
 G = Mean time per level.
                   A        B        C        D        E       F      G
               +--------+--------+--------+--------+--------+-----+--------+
         Total |   9383 |   9136 |    247 |   1147 |   4611 |  10 |  938.3 |
       Dungeon |   9383 |   9136 |    247 |   1147 |   4611 |  10 |  938.3 |
               +--------+--------+--------+--------+--------+-----+--------+

Top non-repeatable levels by time:
     D:4: 1660 daAuts
     D:7: 1491 daAuts
     D:5: 1429 daAuts
     D:1: 1147 daAuts
     D:8: 935 daAuts
     D:2: 801 daAuts
     D:3: 775 daAuts
     D:6: 714 daAuts
     D:9: 424 daAuts
    D:10: 1 daAuts
